Map: Overgrown Facility

Players

MonstroTown - Winner!

  • Race: Terran Terran
  • Spawn Location: 3:00

Michael - Winner!

  • Race: Terran Terran
  • Spawn Location: 1:00

AvatarGensil

  • Race: Zerg Zerg
  • Spawn Location: 7:00

King

  • Race: Terran Terran
  • Spawn Location: 9:00

VOD

Have the link to the VOD?

Description

Time

  • Played on: Aug. 21, 2018, 6:41 p.m.
  • Length: 17:07
Show
View Real Time Build Order
Export as new Build Order

MonstroTown Terran - Winner!

Build Orders: Reaper Expand, MMM Bio 

Get SALT Encoding   

  12  0:01  SCV  
  13  0:13  SCV  
  14  0:18  Supply Depot  
  14  0:28  SCV  
  15  0:40  SCV  
  15  0:41  Barracks  
  16  0:47  Refinery  
  16  0:55  SCV  
  17  1:07  SCV  
  18  1:22  SCV  
  19  1:31  Command Center  
  19  1:34  Reaper  
  20  1:45  Orbital Command  
  20  1:56  Refinery  
  20  2:13  SCV  
  21  2:24  Barracks Reactor  
  21  2:25  SCV  
  21  2:27  Factory  
  22  2:36  Supply Depot  
  22  2:37  SCV  
  24  2:47  Orbital Command  
  23  2:55  SCV  
  23  2:56  Engineering Bay  
  23  3:07  Marine  
  23  3:08  Marine  
  24  3:14  Starport, Factory Tech Lab  
  24  3:15  SCV  
  24  3:16  SCV  
  26  3:25  Terran Infantry Weapons Level 1  
  26  3:30  SCV x2  
  28  3:38  Siege Tank  
  28  3:40  Marine  
  32  3:45  SCV x2  
  34  3:54  Marine  
  35  3:55  Medivac  
  35  3:57  SCV  
  35  3:58  SCV  
  39  4:04  Marine  
  40  4:11  Barracks  
  40  4:12  Marine  
  40  4:15  Barracks  
  41  4:19  Siege Tank  
  41  4:22  Marine  
  45  4:29  SCV  
  46  4:34  Supply Depot x2  
  46  4:39  Starport Tech Lab  
  46  4:55  SCV x2, Marine x2  
  50  5:02  Engineering Bay  
  50  5:03  Barracks Reactor  
  50  5:04  Barracks Tech Lab  
  50  5:07  SCV x2, Barracks  
  50  5:13  Marine  
  53  5:19  Siege Tank, SCV x2  
  58  5:23  Supply Depot  
  58  5:32  SCV x2  
  58  5:34  Marine x2  
  62  5:45  SCV, Marine  
  62  5:47  SCV  
  62  5:49  Supply Depot  
  65  5:50  Missile Turret  
  65  5:54  Marine x2  
  65  5:55  Marine x2  
  69  5:57  SCV  
  69  6:00  Supply Depot  
  70  6:11  Siege Tank, SCV x2, Marine  
  75  6:23  SCV  
  76  6:29  Marauder  
  76  6:30  Marine  
  76  6:31  Marine x3  
  78  6:48  Marine  
  78  6:49  Marine x3  
  78  6:50  Stimpack, Marine  
  78  6:51  Barracks Tech Lab  
  82  7:03  Banshee  
  82  7:06  Marine x3  
  86  7:16  Command Center  
  86  7:23  Command Center  
  86  7:31  SCV x2  
  86  7:35  Marine x4  
  86  7:36  Marine  
  86  7:43  Combat Shield  
  85  7:51  SCV x2  
  85  7:52  Supply Depot  
  85  8:00  Supply Depot  
  85  8:02  Terran Infantry Armor Level 1  
  85  8:03  Supply Depot, SCV  
  85  8:05  Armory  
  86  8:06  Supply Depot  
  86  8:14  Marauder  
  86  8:15  Marine x3  
  91  8:24  Marine  
  89  8:27  Banshee  
  89  8:31  Siege Tank  
  89  8:32  Marine  
  89  8:33  Marine x2  
  94  8:40  Barracks  
  91  8:43  Barracks  
  91  8:46  Marine x2  
  93  8:50  Marine  
  94  9:01  Marine x2  
  96  9:03  Marine  
  96  9:04  Marauder  
  96  9:08  SCV  
  100  9:10  Orbital Command, Banshee  
  100  9:13  Orbital Command  
  100  9:15  SCV  
  98  9:20  SCV  
  98  9:24  Marine x4  
  99  9:25  Siege Tank, Marine  
  94  9:39  Marine  
  94  9:41  Marine  
  94  9:42  Marine  
  94  9:43  Barracks Reactor  
  97  9:47  Marine x3  
  91  9:53  Medivac  
  91  9:56  Marine  
  91  9:59  Marine x2  
  92  10:01  Siege Tank  
  92  10:04  Marine x2  
  90  10:16  Starport  
  90  10:20  Starport  
  83  10:23  Marine x3  
  80  10:36  Starport  
  80  10:42  SCV x4  
  84  10:46  Missile Turret  
  84  10:48  Viking  
  86  11:01  Terran Ship Weapons Level 1  
  86  11:02  Barracks Reactor  
  86  11:04  Starport Reactor  
  86  11:05  Marine  
  86  11:06  Marine x6  
  93  11:11  Barracks  
  93  11:13  Barracks  
  93  11:14  Barracks  
  93  11:15  Refinery, Barracks  
  93  11:16  Refinery, Barracks  
  93  11:21  Refinery x2  
  93  11:22  Refinery  
  93  11:23  SCV, Marine  
  93  11:24  Refinery, SCV x2  
  93  11:25  SCV  
  98  11:28  Marine x2  
  98  11:29  Marine  
  98  11:30  Starport Reactor x2  
  101  11:44  Viking  
  103  11:55  Viking x2  
  103  11:59  SCV x4  
  111  12:05  Marine x4  
  111  12:06  Marine x4  
  119  12:13  Viking x4  
  119  12:14  Viking  
  129  12:20  Marine  
  130  12:23  Marine x2  
  130  12:25  Viking x2  
  136  12:30  Marine x6  
  142  12:38  Orbital Command  
  142  12:40  Marine  
  142  12:42  Supply Depot  
  142  12:43  Marine  
  140  12:44  Supply Depot  
  140  12:48  Marine  
  140  12:51  Viking  
  140  12:53  Viking  
  139  13:01  Marine  
  139  13:04  Viking x4  
  148  13:05  Supply Depot  
  148  13:06  Supply Depot, Marine, Viking  
  148  13:09  Supply Depot  
  148  13:10  Marine x3  
  148  13:11  Marine x2  
  156  13:18  SCV x4  
  160  13:21  Viking  
  160  13:23  Viking  
  164  13:27  Marine  
  164  13:28  Barracks Tech Lab x3  
  161  13:37  Marine x2  
  161  13:38  Marine x6  
  161  13:40  Viking x4  
  175  13:45  Marine  
  172  13:55  Marine x3, Viking  
  163  13:56  Marine x2  
  163  14:01  Marine x2  
  163  14:02  Viking  
  165  14:24  Marine x5  
  161  14:25  Marine x4  
  161  14:27  Viking x2  
  161  14:29  SCV  
  155  14:40  Supply Depot  
  155  14:41  Marine  
  155  14:42  Marine  
  153  14:57  Raven  
  153  14:59  Marine x4  
  159  15:00  Marine x4  
  163  15:20  Marine x5  
  163  15:21  Marine x4  
  169  15:23  Medivac x6  
  184  15:38  Marine x2  
  184  15:40  Medivac  
  188  15:47  Marine x6  
  188  15:48  Marine, Command Center  
  195  15:53  Medivac  
  195  15:55  Marine  
  198  15:57  Marine  
  199  16:04  Marine  
Show
View Real Time Build Order
Export as new Build Order

Michael Terran - Winner!

Build Orders:  

Get SALT Encoding   

  12  0:01  SCV  
  13  0:13  SCV  
  14  0:25  Supply Depot  
  14  0:27  SCV  
  15  0:46  SCV  
  15  0:47  Barracks  
  16  0:51  Refinery  
  16  0:58  SCV  
  17  1:10  SCV  
  18  1:23  Barracks  
  18  1:34  Orbital Command  
  18  1:51  Supply Depot, Marine  
  19  2:14  Engineering Bay  
  19  2:16  Refinery, Marine  
  19  2:21  Barracks  
  20  2:25  Barracks  
  20  2:29  Factory  
  20  2:31  Marine  
  20  2:33  Marine  
  20  2:35  SCV  
  23  2:47  SCV  
  23  2:49  Marine  
  25  2:54  Barracks Reactor  
  25  2:59  SCV  
  26  3:09  Barracks Tech Lab  
  26  3:11  SCV  
  27  3:13  Barracks Reactor  
  27  3:16  Factory Reactor  
  27  3:24  Supply Depot  
  27  3:29  Supply Depot  
  27  3:35  Supply Depot  
  27  3:43  Marine  
  27  3:44  Marauder, Marine  
  31  3:52  Marine x2  
  29  4:01  Marine  
  29  4:02  Marine  
  30  4:05  Supply Depot  
  30  4:06  Marauder  
  30  4:10  Marine x2  
  32  4:18  SCV  
  32  4:19  Marine  
  32  4:20  Marine  
  35  4:26  Marine  
  35  4:27  Marine  
  35  4:28  Marine  
  35  4:30  SCV  
  39  4:37  Marine  
  39  4:38  Marine  
  41  4:42  SCV  
  42  5:05  Supply Depot  
  42  5:06  Terran Infantry Weapons Level 1  
  42  5:12  SCV  
  43  5:24  SCV  
  43  5:27  Supply Depot  
  44  5:36  Stimpack  
  44  5:37  SCV  
  44  5:38  Marine x3  
  44  5:39  Marine x2  
  50  5:52  Supply Depot  
  50  5:56  Marine x4  
  54  6:04  Command Center  
  54  6:10  Marine  
  55  6:14  Marine x4  
  55  6:15  Supply Depot  
  59  6:28  Marine  
  59  6:32  Marine x4  
  63  6:45  Marine  
  63  6:49  Marine  
  63  6:50  Marine x3  
  65  7:00  Terran Infantry Armor Level 1  
  61  7:03  Marine  
  61  7:07  Marine x3  
  61  7:08  Marine  
  53  7:21  Marine  
  51  7:23  Orbital Command  
  51  7:25  Marine x3  
  49  7:34  Marine  
  47  7:39  Marine  
  47  7:43  Marine x2  
  48  7:46  Widow Mine  
  50  7:51  SCV  
  51  8:01  Refinery  
  51  8:05  SCV  
  52  8:09  SCV  
  53  8:17  SCV  
  46  8:20  Marine x4  
  46  8:21  Marine  
  51  8:38  Marine x4  
  51  8:39  Marine  
  55  8:50  SCV  
  56  8:55  Marine  
  56  8:56  Marine x3  
  56  8:57  Marine  
  56  8:59  SCV  
  56  9:02  SCV  
  63  9:09  Refinery  
  63  9:11  SCV  
  63  9:13  Marine x2  
  63  9:14  SCV, Marine x2  
  63  9:15  Marine  
  70  9:31  Marine x3  
  70  9:32  Marine  
  70  9:33  Marine  
  75  9:49  Marine x4  
  75  9:50  Marine  
  56  10:07  Marine x4  
  56  10:08  Marine  
  54  10:23  SCV  
  54  10:24  SCV, Marine  
  54  10:25  Marine x3  
  54  10:26  Marine  
  61  10:35  SCV  
  61  10:36  SCV  
  61  10:37  Command Center  
  61  10:42  Marine x2  
  60  10:43  Marine x2  
  60  10:44  Marine  
  60  10:48  SCV x2, Barracks  
  60  11:00  Marine x3  
  60  11:01  Marine  
  60  11:02  Supply Depot, Marine  
  65  11:07  Supply Depot x2  
  65  11:14  Armory  
  65  11:18  Marine x4  
  65  11:19  Marine  
  70  11:33  Starport, Cyclone  
  70  11:36  Marine x2  
  70  11:37  Marine  
  70  11:39  Barracks Reactor  
  76  11:46  Barracks  
  76  11:47  Marine x2  
  76  11:54  Marine x2  
  62  12:01  Marine  
  62  12:05  Marine x2  
  62  12:11  Marine  
  62  12:12  Marine  
  62  12:13  Starport Reactor  
  64  12:16  Marine x2  
  64  12:19  Marine  
  67  12:23  Marine x2  
  67  12:26  Hellbat  
  67  12:29  Hellbat, Marine x2  
  74  12:33  Marine  
  74  12:34  Marine  
  77  12:37  Marine  
  77  12:41  Marine  
  77  12:42  Marine  
  80  12:47  Marine x2  
  82  12:51  Marine  
  82  12:52  Marine  
  82  12:55  Marine  
  77  12:59  Marine  
  77  13:00  Marine  
  77  13:05  Marine x2  
  79  13:09  Marine  
  79  13:10  Marine  
  79  13:12  Marine  
  82  13:16  Marine  
  82  13:18  Marine  
  82  13:19  Orbital Command  
  85  13:22  SCV x2  
  85  13:23  Marine x2  
  89  13:33  Marine x2  
  89  13:34  SCV, Marine x2  
  92  13:35  SCV  
  92  13:39  Marine  
  92  13:40  Marine  
  97  13:46  Marine  
  97  13:47  SCV x2  
  72  13:51  Marine  
  72  13:53  Marine x3  
  75  13:57  Marine  
  75  13:58  Hellbat, Marine  
  79  14:03  Marine  
  79  14:09  Marine  
  81  14:10  Medivac  
  81  14:11  Marine x2  
  81  14:14  Medivac  
  81  14:16  Marine  
  88  14:18  Barracks Reactor  
  88  14:29  SCV  
  88  14:30  Supply Depot, SCV  
  90  14:33  SCV  
  90  14:38  Marine x3  
  91  14:41  SCV  
  95  14:48  Marine x4  
  95  14:52  Supply Depot  
  99  14:54  Marine  
  99  14:56  Marine x3  
  103  15:02  Command Center  
  103  15:05  Marine  
  103  15:06  Marine x2  
  106  15:08  Marine  
  106  15:09  Marine  
  106  15:12  Marine  
  106  15:13  Medivac x2  
  106  15:14  Marine x2  
  113  15:17  Hellbat x2  
  113  15:18  Marine  
  120  15:23  Marine x2  
  120  15:24  Marine  
  120  15:26  Marine x2  
  125  15:30  Marine  
  125  15:32  Marine x2  
  128  15:36  Marine  
  128  15:39  Supply Depot  
  128  15:41  Marine x3  
  132  15:43  Medivac x2  
  132  15:44  Marine x2  
  132  15:48  Marine  
  132  15:49  Marine x2  
  139  15:54  Marine  
  142  15:59  Marine x3  
  142  16:02  Supply Depot, Marine x2  
  147  16:06  Marine  
  147  16:07  Marine x2  
  150  16:11  Marine  
  150  16:17  Marine x3  
  154  16:20  Marine x2  
  154  16:24  Marine  
  154  16:25  Supply Depot, Marine x2  
  158  16:29  Refinery, Marine  
  160  16:34  Marine  
  160  16:35  Marine x2  
  160  16:37  Marine  
  160  16:38  Marine  
  165  16:41  Marine  
  127  16:52  Refinery  
Show
View Real Time Build Order
Export as new Build Order

AvatarGensil Zerg 

Build Orders: Pool First 

Get SALT Encoding   

  12  0:08  Drone x2  
  14  0:18  Overlord  
  14  0:29  Extractor  
  14  0:30  Drone  
  14  0:48  Drone  
  14  0:49  Drone  
  16  0:56  Spawning Pool  
  15  1:15  Drone x3  
  18  1:31  Hatchery  
  17  1:35  Drone  
  18  1:45  Queen  
  20  2:05  Drone  
  20  2:06  Overlord  
  20  2:08  Zergling x2  
  22  2:26  Drone  
  23  2:58  Drone  
  23  2:59  Extractor, Drone x3  
  23  3:00  Zergling x4  
  28  3:19  Drone  
  29  3:20  Drone  
  29  3:21  Drone x2, Queen  
  34  3:29  Drone x2  
  36  3:34  Overlord  
  36  3:49  Metabolic Boost, Extractor x2  
  36  3:51  Lair  
  36  3:52  Drone x2  
  36  3:53  Drone x3  
  39  4:31  Drone x3  
  41  4:37  Drone  
  41  4:38  Drone  
  44  4:40  Overlord x2  
  44  5:05  Drone  
  44  5:06  Drone x4  
  49  5:15  Spire  
  48  5:28  Infestation Pit  
  47  5:36  Zergling x2  
  47  5:37  Zergling x8  
  52  5:43  Hydralisk Den  
  48  6:05  Hive  
  48  6:07  Evolution Chamber  
  48  6:08  Zergling x2  
  48  6:09  Zergling x6, Evolution Chamber  
  50  6:13  Hydralisk x4  
  50  6:14  Hydralisk  
  50  6:16  Overlord x3  
  60  6:30  Overlord x2  
  60  6:31  Overlord  
  47  6:50  Hydralisk x3, Zergling x8  
  47  6:51  Hydralisk  
  31  7:25  Zergling x8  
  31  7:26  Zergling x4  
  35  7:38  Zerg Ground Armor Level 1  
  35  7:56  Greater Spire  
  35  7:58  Drone  
  35  7:59  Drone x5  
  41  8:08  Hydralisk Den  
  40  8:16  Queen  
  36  8:47  Corruptor x4  
  36  8:48  Corruptor  
  46  9:24  Brood Lord x2  
  46  9:25  Brood Lord x3  
  54  10:35  Hydralisk x4  
  54  10:36  Hydralisk x6  
  74  11:01  Drone  
  74  11:02  Drone x4  
  79  11:06  Zerg Missile Weapons Level 1  
  79  11:10  Zerg Flyer Armor Level 1  
  79  11:14  Drone x5  
  79  11:15  Drone x4  
  88  11:33  Hatchery, Grooved Spines  
  87  12:44  Muscular Augments  
  51  13:00  Corruptor x5  
  51  13:03  Hydralisk x5  
  51  13:04  Hydralisk x3  
  51  13:05  Hydralisk x3  
  76  13:12  Drone  
  76  13:13  Drone x5  
  76  13:15  Overlord  
  76  13:16  Overlord  
  46  13:57  Hydralisk x2  
  46  13:58  Hydralisk x6  
  46  13:59  Hydralisk x4  
Show
View Real Time Build Order
Export as new Build Order

King Terran 

Build Orders: Hellion Opening, Mech 

Get SALT Encoding   

  12  0:01  SCV  
  13  0:13  SCV  
  14  0:21  Supply Depot  
  14  0:25  SCV  
  15  0:29  Refinery  
  15  0:45  Barracks  
  15  0:47  SCV  
  16  0:53  Refinery  
  16  0:59  SCV  
  18  1:11  SCV  
  18  1:20  Supply Depot  
  18  1:23  SCV  
  19  1:34  Factory  
  19  1:40  SCV  
  19  1:45  Barracks Reactor  
  20  1:52  SCV  
  21  2:01  Factory  
  21  2:05  SCV  
  22  2:17  SCV  
  23  2:30  Hellion x2  
  27  2:37  Supply Depot  
  27  2:45  Factory Tech Lab  
  27  3:03  Hellion x2  
  27  3:04  Infernal Pre-Igniter  
  31  3:14  Orbital Command  
  31  3:18  Barracks Tech Lab  
  31  3:35  Hellion x2  
  31  3:37  Concussive Shells  
  31  3:41  Marauder  
  33  4:25  Siege Tank  
  36  4:37  Command Center  
  36  4:47  Widow Mine  
  36  4:51  Supply Depot  
  38  5:00  Armory  
  38  5:13  Siege Tank, Widow Mine  
  43  5:14  Supply Depot  
  43  5:21  SCV  
  44  5:28  Widow Mine  
  46  5:33  SCV  
  47  5:36  Hellion  
  47  5:37  Supply Depot  
  49  5:48  Armory  
  49  5:52  Refinery  
  45  6:19  Siege Tank  
  48  6:26  Hellion x2  
  40  7:07  Thor  
  46  7:12  Cyclone x2  
  46  7:14  Marauder  
  54  7:16  Terran Vehicle And Ship Armor Level 1, Terran Vehicle Weapons Level 1  
  54  7:19  Starport  
  50  7:55  Liberator  
  50  8:00  Thor  
  50  8:02  Hellion x2  
  60  8:09  Command Center  
  60  8:35  Hellion x2  
  64  8:55  Viking  
  59  9:26  Medivac  
  20  10:17  Thor, Hellbat x2  
  27  10:37  SCV  
  29  10:50  SCV  
  29  11:00  Orbital Command  
  29  11:02  SCV  
  30  11:14  SCV  
  30  11:15  Terran Vehicle Weapons Level 2  
  30  11:17  Terran Vehicle And Ship Armor Level 2  
  31  11:26  SCV  
  32  11:35  Siege Tank  
  32  11:38  SCV, Hellion  
  38  11:50  SCV  
  39  12:02  SCV  
  40  12:13  Hellion  
  40  12:15  Siege Tank  
  43  12:17  Hellbat x2  
  43  12:22  SCV  
  48  12:24  Starport Tech Lab  
  48  12:34  SCV  
  49  12:46  SCV  
  50  12:58  SCV  
  51  13:07  Hellbat x2  
  61  13:13  Factory  
  35  14:21  Liberator  
  26  14:28  Factory Tech Lab  
  26  14:29  Hellbat x2  
  30  14:34  Factory  
  33  14:46  SCV, Factory  
  34  14:59  Siege Tank, SCV  
  38  15:11  SCV  
  39  15:16  Hellbat x2  
  39  15:17  Liberator  
  43  15:21  Factory Tech Lab  
  43  15:23  SCV  
  43  15:26  Command Center  
  44  15:31  Siege Tank  
  44  15:35  SCV  
  51  15:37  Hellbat x2  
  55  15:42  Factory Tech Lab  
  55  15:47  Starport  
  55  16:03  Refinery  
  55  16:07  Thor, Command Center  
  55  16:09  Siege Tank  
  55  16:10  Siege Tank  
  67  16:13  Hellbat x2  
  67  16:17  Medivac  
  73  16:32  Starport Reactor  
  73  16:37  Supply Depot  
  45  17:00  Supply Depot  
Tags
 
Add a new tag
Caveats
  • Supply blocks, unpowered buildings, or Contaminate may cause inaccurate times.
  • Supply counts are checked every 10 seconds.